 Dungeon Crawl Stone Soup version 0.24.1-11-gbbbb2193e6 (webtiles) character file.

Game seed: 2385626784941514962, levelgen mode: deterministic

262 Hugehornet the Insei (level 6, -2/38 HPs)
             Began as an Octopode Transmuter on May 11, 2020.
             Killed by divine providence
             ... invoked by an orc priest
              (13 damage)
             ... on level 4 of the Dungeon.
             The game lasted 00:06:31 (4544 turns).

Hugehornet the Insei (Octopode Transmuter)          Turns: 4544, Time: 00:06:32

Health: -2/38      AC:  1    Str:  9    XL:     6   Next: 18%
Magic:  7/10       EV: 13    Int: 17    God:
Gold:   105        SH:  0    Dex: 13    Spells: 1/11 levels left

rFire    . . .     SeeInvis .     - Unarmed
rCold    . . .     Gourm    .   (no shield)
rNeg     . . .     Faith    .   (helmet restricted)
rPois    .         Spirit   .   (no amulet)
rElec    .         Reflect  .   (no ring)
rCorr    .         Harm     .   (no ring)
MR       .....                  (no ring)
Stlth    ++........             (no ring)
HPRegen  0.12/turn              (no ring)
MPRegen  0.12/turn              (no ring)
                                (no ring)
                                (no ring)

@: no status effects
A: almost no armour, stealthy swim, amphibious, 8 rings, constrict 8, camouflage
1, gelatinous body 1
a: no special abilities


You were on level 4 of the Dungeon.
You were not hungry.

You visited 1 branch of the dungeon, and saw 4 of its levels.

You collected 105 gold pieces.

Inventory:

Missiles
 a - 24 arrows
Armour
 b - a +0 large shield
Scrolls
 d - a scroll of amnesia {unknown}
 e - a scroll of blinking {unknown}
 f - a scroll of noise {unknown}
 g - 2 scrolls of remove curse
 h - a scroll of enchant weapon {unknown}
 i - a scroll of fear {unknown}
 k - 4 scrolls of identify {unknown}
 l - a scroll of magic mapping {unknown}
Potions
 j - a potion of agility {unknown}
 m - a potion of heal wounds {unknown}
 o - a potion of brilliance {unknown}
 p - a potion of ambrosia {unknown}
Comestibles
 c - 11 rations
 q - a chunk of flesh


   Skills:
 - Level 1.0 Fighting
 - Level 2.0 Dodging
 + Level 3.9 Unarmed Combat
 - Level 3.0 Spellcasting
 * Level 3.6 Transmutations
 * Level 1.6 Ice Magic
 - Level 3.1 Poison Magic


You had one spell level left.
You knew the following spells:

 Your Spells              Type           Power        Failure   Level  Hunger
a - Beastly Appendage     Tmut           ##....       4%          1    None
b - Sticks to Snakes      Tmut           ##......     6%          2    ##.....
c - Spider Form           Tmut/Pois      ##........   13%         3    ###....
d - Ice Form              Ice/Tmut       ##......     52%         4    ####...

Your spell library contained the following spells:

 Spells                   Type           Power        Failure   Level  Hunger
 Blade Hands              Tmut           ##........   73%         5    ######.


Dungeon Overview and Level Annotations

Branches:
Dungeon (4/15)
 Temple: D:4-7

Altars:
Trog
Zin
The Shining One


Innate Abilities, Weirdness & Mutations

You cannot wear most types of armour.
You are very stealthy in the water. (Stealth+)
You are amphibious.
You can wear up to eight rings at the same time.
You can use your tentacles to constrict eight enemies at once.
Your skin changes colour to match your surroundings (Stealth+).
Your rubbery body absorbs attacks. (AC +1, EV +1)


Message History

Unknown command.
You feel better. The adder barely misses you.
Your adder barely misses the adder.
You barely miss the adder. You grab the adder.
You pierce the adder, but do no damage.
Your squeeze misses the adder.
The adder is heavily wounded.
You constrict the adder. The orc barely misses your adder. The adder bites you.
* * * LOW HITPOINT WARNING * * *
Your adder bites the adder.
You tentacle-slap the adder.
You kill the adder!
The orc wizard dies!
Your adder looks stronger.
Something closely misses your adder.
Your adder withers and dies!
Your transformation is almost over.
You see here an adder skeleton.
Your tentacle spike disappears.
The orc priest calls down the wrath of Beogh upon you.
Beogh smites you!
You die...

........#.##.)##.########..
######..#S#.o....#######
oo.ooo..#)#.....÷...)..#
....#.....#.##.#o#####.#
....#..####.##...# ..#
oo.S#..o..†..##..#...#
..oo##.###.†....o#...#
....+..# #.#.##......+
...o#### #.#.###@#...#
##..# #.#.# #.##### ..#.#
#.# ###.# #.# .. ..# ###


You could see 2 orc priests and an orc.

Vanquished Creatures
  An iguana (D:4)
  A worker ant (D:3)
  7 adders
  An ooze (D:3)
  5 worms
  A dart slug (D:1)
  5 leopard geckos
  3 orcs
  2 ball pythons
  5 giant cockroaches
  7 goblins
  12 hobgoblins
  10 jackals
  13 kobolds
  4 bats
  6 frilled lizards
  A leopard gecko skeleton (D:4)
  8 rats
92 creatures vanquished.

Vanquished Creatures (collateral kills)
  2 orc wizards (D:4)
  An orc (D:4)
3 creatures vanquished.

Grand Total: 95 creatures vanquished

Notes
Turn   | Place    | Note
-------+----------+-------------------------------------------
     0 | D:1      | Hugehornet the Octopode Transmuter began the quest for the
                  | Orb.
     0 | D:1      | Reached XP level 1. HP: 13/13 MP: 3/3
   118 | D:1      | Reached XP level 2. HP: 14/18 MP: 3/5
   176 | D:1      | Learned a level 2 spell: Sticks to Snakes
   207 | D:1      | You fall into a shaft and drop 1 floor!
   963 | D:1      | Reached XP level 3. HP: 17/23 MP: 4/6
   968 | D:1      | Learned a level 3 spell: Spider Form
  1335 | D:1      | Reached skill level 1 in Poison Magic
  1853 | D:2      | Reached XP level 4. HP: 23/28 MP: 5/7
  2038 | D:2      | Found a bloodstained altar of Trog.
  3358 | D:3      | Reached XP level 5. HP: 25/33 MP: 7/9
  3579 | D:3      | Learned a level 4 spell: Ice Form
  3585 | D:3      | Found a glowing silver altar of Zin.
  4150 | D:3      | Found a glowing golden altar of the Shining One.
  4359 | D:4      | Reached skill level 1 in Ice Magic
  4450 | D:4      | Reached XP level 6. HP: 38/38 MP: 8/10
  4544 | D:4      | Killed from afar by an orc priest

Levels and vault maps discovered:
D:1:      lightli_arrival_quake, layout_basic
D:2:      layout_basic, trog_butcher_becter
D:3:      layout_rooms, zin_statuary, tso_altar, first_ration
D:4:      layout_basic, marbit_many_paths

Skill      XL: |  1  2  3  4  5 |
---------------+----------------+-----
Transmutations | 3 |  3.6
Poison Magic   | 1 2 3 |  3.1
Spellcasting   | 3 |  3.0
Ice Magic      | 1 |  1.6
Fighting       | |  1.0
Dodging        | |  2.0
Unarmed Combat | |  3.9

Action                   |  1- 3 |  4- 6 || total
-------------------------+-------+-------++-------
Melee: Unarmed           |    89 |   138 ||   227
       Kick              |    21 |    32 ||    53
       Constrict         |    23 |    37 ||    60
       Tentacles         |     3 |    18 ||    21
       Punch             |       |     4 ||     4
 Cast: Beastly Appendage |    25 |    28 ||    53
       Spider Form       |       |     1 ||     1
       Sticks to Snakes  |       |     3 ||     3
  Use: Scroll            |       |     1 ||     1
       Potion            |       |     2 ||     2
 Stab: Sleeping          |    10 |     6 ||    16
  Eat: Chunk             |     2 |    10 ||    12
Armor: Skin              |     1 |    13 ||    14
Dodge: Dodged            |    38 |    93 ||   131
